 Dungeon Crawl Stone Soup version 0.30-a0-12-gd8047c6341 (webtiles) character file.

Game seed: 6086050288560183890

2048 siradein the Trooper (level 9, -14/63 HPs)
             Began as a Demonspawn Chaos Knight on Aug 24, 2022.
             Was a Priest of Hepliaklqana.
             Shot with a sling bullet by Joseph (17 damage)
             ... on level 7 of the Dungeon.
             The game lasted 00:14:24 (5965 turns).

siradein the Trooper (Demonspawn Chaos Knight)      Turns: 5965, Time: 00:14:25

Health: -14/63     AC:  3    Str: 15    XL:     9   Next: 4%
Magic:  10/11      EV: 14    Int: 16    God:    Hepliaklqana [***...]
Gold:   386        SH:  0    Dex: 18    Spells: 8/8 levels left

rFire   + . .      SeeInvis .    x - +0 halberd
rCold   + . .      Faith    .    (shield currently unavailable)
rNeg    . . .      Spirit   .    w - +0 troll leather armour
rPois   .          Reflect  .    (no helmet)
rElec   .          Harm     .    (no cloak)
rCorr   .          Rampage  .    (no gloves)
Will    .....                    (no boots)
Stlth   +++.......               (no amulet)
HPRegen 1.00/turn                (no ring)
MPRegen 0.12/turn                (no ring)

@: no status effects
A: reduced essence, thin skeletal structure 1, spiny 2, demonic magic 1,
weakness stinger 2, camouflage 1, agile 1, clever 1, cold resistance 1, deformed
body, fire resistance 1, wild magic 1, MP-powered wands
a: Renounce Religion, Recall Ancestor, Ancestor Identity, Transference


You were on level 7 of the Dungeon.
You worshipped Hepliaklqana.
Hepliaklqana was most pleased with you.
You visited 1 branch of the dungeon, and saw 7 of its levels.

You collected 386 gold pieces.

Inventory:

Hand Weapons
 x - a +0 halberd (weapon)
Missiles
 t - a throwing net
Armour
 u - a +0 plate armour
 w - a +0 troll leather armour (worn)
Wands
 m - a wand of charming (16)
 r - a wand of polymorph (6)
 v - a wand of iceblast (4)
Scrolls
 a - a scroll of magic mapping {unknown}
 d - 6 scrolls of teleportation
 e - 2 scrolls of blinking
 h - 7 scrolls of fog
 j - a scroll of torment {unknown}
 n - 3 scrolls of fear
 p - 3 scrolls of immolation
 s - 2 scrolls of amnesia
 y - a scroll of enchant armour {unknown}
Potions
 b - a potion of might {unknown}
 f - a potion of attraction
 g - 7 potions of mutation
 i - 4 potions of curing
 k - 2 potions of brilliance
 l - 2 potions of magic
 o - a potion of cancellation {unknown}
 q - 2 potions of lignification
Miscellaneous
 c - a piece from Xom's chessboard (15/15) (quivered)


   Skills:
 + Level 6.5 Fighting
 + Level 5.9 Polearms
 + Level 5.5 Armour
 + Level 5.3 Dodging
 + Level 2.7 Invocations


You had 8 spell levels left.
You didn't know any spells.
Your spell library contained the following spells:

 Spells                   Type           Power      Damage    Failure   Level
 Magic Dart               Conj           0%         1d3       38%         1
 Call Imp                 Summ           0%         N/A       50%         2
 Ensorcelled Hibernation  Hex/Ice        0%         N/A       50%         2
 Mephitic Cloud           Conj/Pois/Air  0%         N/A       73%         3
 Spider Form              Tmut/Pois      0%         N/A       73%         3
 Airstrike                Air            0%         2d(0-16)  98%         4
 Anguish                  Hex/Necr       0%         N/A       98%         4
 Summon Lightning Spire   Summ/Air       0%         N/A       98%         4
 Fireball                 Conj/Fire      0%         3d3       100%        5
 Lightning Bolt           Conj/Air       0%         1d11      100%        5
 Starburst                Conj/Fire      0%         6d3       100%        6
 Ignition                 Fire           0%         3d3       100%        8


Dungeon Overview and Level Annotations

Branches:
Dungeon (7/15)             Temple (0/1) D:6

Altars:
Hepliaklqana
Xom

Annotations:
D:4 2 runed translucent doors, SensoryNuts's ghost, amateur DsFi
D:7 Joseph


Innate Abilities, Weirdness & Mutations

Your life essence is reduced to manifest your ancestor. (-10% HP)
You have a somewhat thin skeletal structure. (Dex +2, Stealth+)
You are mostly covered in sharp spines.
Spells you cast may paralyse adjacent enemies.
You have a tail ending in a sharp stinger.
Your skin changes colour to match your surroundings (Stealth+).
You are agile. (Dex +4, Str/Int -1)
Your mind is acute. (Int +4, Str/Dex -1)
Your flesh is cold resistant. (rC+)
Armour fits poorly on your strangely shaped body.
Your flesh is heat resistant. (rF+)
Your spells are a little harder to cast, but a little more powerful.
You expend magic power (3 MP) to strengthen your wands.


Message History

You are too injured to fight recklessly!
Unknown command.
You are too injured to fight recklessly!
Unknown command.
You are too injured to fight recklessly!
You swap places.
Joseph, a Mercenary comes into view.
He is wielding a +4 spectral quarterstaff.
The orc hits Big Dick with a +0 flail.
Big Dick hits the orc with a +0 quarterstaff.
Something hits Big Dick.
Things that are here:
a +0 dagger; a +0 club Unknown command.
Unknown command.
Reach: x) +0 halberd
Press: ? - help, Dir - move target, f - orc
Aim: an orc, wielding a +0 flail (almost dead, ally target, about 40% to evade your +0 halberd)
You reach to attack!
You puncture the orc!
You kill the orc!
Joseph unwields a +4 spectral quarterstaff.
Joseph wields a +0 sling.
Joseph shoots a sling bullet.
The sling bullet hits you!!
* * * LOW HITPOINT WARNING * * *
Big Dick hits something with a +0 quarterstaff!!
Reactivating autopickup.
You feel a bit more experienced.
The orc hits Big Dick with a +0 flail.
The orc hits Big Dick with a +0 whip.
Big Dick gestures at the orc while chanting.
The stone arrow hits the orc!!
The orc dies!
You swap places.
Joseph shoots a sling bullet.
The sling bullet barely misses you. The orc closely misses you.
Things that are here:
a +0 halberd; a +0 chain mail You closely miss the orc.
Joseph shoots a sling bullet.
The sling bullet hits you!
* * * LOW HITPOINT WARNING * * *
The orc misses you.
Joseph shoots a sling bullet.
The sling bullet hits you!
You die...
Xom thinks this is hilarious!

## .. ###### .#
..... ##.## # ....
##...## ..
[..##..##!.)..##..#
#.#>..)#.......#..
......o@R.._......
#.#...##)......#
##. ##.....## #
##...## #..#####.##
#.......@#
##.####.##
....###.##
..##.#.###.#


You could see the friendly Big Dick the battlemage, Joseph and an orc (ally
target).

Vanquished Creatures
  A troll (D:5)
  A steam dragon (D:7)
  A water moccasin (D:7)
  An ice beast (D:4)
  2 scorpions
  A bullfrog (D:6)
  3 killer bees (D:7)
  A jelly (D:6)
  4 hounds
  Ijyb (D:3)
  2 iguanas
  2 orc wizards
  3 gnolls (D:5)
  3 adders
  A worm (D:2)
  2 dart slugs (D:1)
  12 orcs
  5 bats
  6 endoplasms
  2 giant cockroaches (D:2)
  4 goblins
  8 hobgoblins
  4 jackals (D:1)
  11 kobolds
  3 quokkas
  6 ball pythons
  6 frilled lizards
  4 rats
100 creatures vanquished.

Vanquished Creatures (collateral kills)
  An ogre (D:6)
  An orc warrior (D:7)
  A centaur (D:6)
  A phantom (D:5)
  A kobold brigand (D:7)
  Blork the orc (D:5)
  A scorpion (D:5)
  2 killer bees (D:7)
  2 iguanas
  2 orc wizards
  4 gnolls (D:5)
  A shadow imp (D:5)
  A white imp (D:7)
  A worm (D:3)
  7 orcs
  An endoplasm (D:4)
  A hobgoblin (D:3)
  2 kobolds (D:7)
31 creatures vanquished.

Vanquished Creatures (others)
  A battlemage (D:5)
  2 ancestors (D:4)
3 creatures vanquished.

Grand Total: 134 creatures vanquished

Notes
Turn   | Place    | Note
-------+----------+-------------------------------------------
     0 | D:1      | siradein the Demonspawn Chaos Knight began the quest for
                  | the Orb.
     0 | D:1      | Reached XP level 1. HP: 18/18 MP: 1/1
    82 | D:1      | XOM: divination: detect items
   111 | D:1      | Reached skill level 1 in Dodging
   192 | D:1      | Gained mutation: You are partially covered in sharp spines.
                  | [demonic ancestry]
   192 | D:1      | Reached XP level 2. HP: 17/24 MP: 2/2
   244 | D:1      | XOM: god gift: leather armour {god gift}
   260 | D:1      | XOM: 4-stop teleportation journey
   689 | D:1      | Gained mutation: You have a small tail. [demonic ancestry]
   689 | D:1      | Reached XP level 3. HP: 28/29 MP: 3/3
  1234 | D:2      | XOM: give mutations
  1234 | D:2      | Gained mutation: Your flesh is heat resistant. (rF+) [Xom's
                  | grace]
  1234 | D:2      | Gained mutation: Your mind is acute. (Int +4, Str/Dex -1)
                  | [Xom's grace]
  1234 | D:2      | Gained mutation: Your skin changes colour to match your
                  | surroundings (Stealth+). [Xom's grace]
  1234 | D:2      | Gained mutation: Your spells are a little harder to cast,
                  | but a little more powerful. [Xom's grace]
  1289 | D:2      | XOM: god gift: scroll labelled SIR KYGEBREOQU {god gift}
  1364 | D:2      | XOM: 2-stop teleportation journey
  1511 | D:2      | XOM: give mutations
  1511 | D:2      | Gained mutation: You are agile. (Dex +4, Str/Int -1) [Xom's
                  | grace]
  1511 | D:2      | Gained mutation: Your flesh is cold resistant. (rC+) [Xom's
                  | grace]
  1511 | D:2      | Gained mutation: You expend magic power (3 MP) to
                  | strengthen your wands. [Xom's grace]
  1511 | D:2      | Gained mutation: You have a somewhat thin skeletal
                  | structure. (Dex +2, Stealth+) [Xom's grace]
  1558 | D:2      | Reached XP level 4. HP: 35/35 MP: 4/4
  1953 | D:3      | Noticed Ijyb
  2229 | D:3      | Killed Ijyb
  2229 | D:3      | XOM: 4-stop teleportation journey
  2275 | D:3      | XOM: cloud trail
  2361 | D:3      | Found a faded altar of an unknown god.
  2390 | D:3      | Prayed at the altar of an unknown god.
  2390 | D:3      | Fell from the grace of Xom
  2390 | D:3      | Became a worshipper of Hepliaklqana the Forgotten
  2390 | D:3      | Reached * piety under Hepliaklqana
  2464 | D:3      | Mutation became permanent: You have a somewhat thin
                  | skeletal structure. (Dex +2, Stealth+) [demonic ancestry]
  2464 | D:3      | Gained mutation: You have a somewhat thin skeletal
                  | structure. (Dex +2, Stealth+) [demonic ancestry]
  2464 | D:3      | Reached XP level 5. HP: 37/37 MP: 5/5
  2687 | D:3      | XOM: 1-stop teleportation journey
  2954 | D:4      | Reached skill level 4 in Fighting
  2993 | D:4      | Found a large runed translucent door.
  2993 | D:4      | Found a large runed translucent door.
  3327 | D:4      | Noticed SensoryNuts's ghost (amateur DsFi)
  3341 | D:4      | Noticed a lemure
  3341 | D:4      | Noticed a lemure
  3378 | D:4      | Gained mutation: You are mostly covered in sharp spines.
                  | [demonic ancestry]
  3378 | D:4      | Reached XP level 6. HP: 43/43 MP: 6/6
  3529 | D:4      | Noticed Pikel
  3568 | D:4      | Noticed Pikel
  3568 | D:4      | Pikel changed into Pikel the ice beast
  3575 | D:4      | Killed Pikel the ice beast
  3758 | D:5      | Entered Level 5 of the Dungeon
  3801 | D:5      | XOM: give mutation
  3801 | D:5      | Gained mutation: Armour fits poorly on your strangely
                  | shaped body. [Xom's mischief]
  3919 | D:5      | Reached ** piety under Hepliaklqana
  3920 | D:5      | Remembered your ancestor Big Dick as a battlemage
  4171 | D:5      | Gained mutation: You have a tail ending in a sharp stinger.
                  | [demonic ancestry]
  4171 | D:5      | Reached XP level 7. HP: 39/49 MP: 7/7
  4381 | D:5      | Noticed a troll
  4384 | D:5      | Killed a troll
  4385 | D:5      | Reached skill level 5 in Fighting
  4389 | D:5      | XOM: stat loss: -2 Dex (16/18)
  4413 | D:5      | XOM: 3-stop teleportation journey
  4598 | D:5      | XOM: noise
  4891 | D:5      | Noticed Blork the orc
  4899 | D:5      | Killed Blork the orc
  4900 | D:5      | Reached skill level 5 in Polearms
  4900 | D:5      | Gained mutation: Spells you cast may paralyse adjacent
                  | enemies. [demonic ancestry]
  4900 | D:5      | Reached XP level 8. HP: 28/56 MP: 8/8
  5021 | D:5      | XOM: summons 1 hostile demon
  5384 | D:6      | XOM: god gift: scroll of noise
  5388 | D:6      | Reached *** piety under Hepliaklqana
  5533 | D:6      | Found a staircase to the Ecumenical Temple.
  5702 | D:7      | Reached skill level 6 in Fighting
  5702 | D:7      | Reached skill level 5 in Armour
  5853 | D:7      | Reached skill level 1 in Invocations
  5857 | D:7      | Reached skill level 5 in Dodging
  5868 | D:7      | XOM: god gift: scale mail {god gift}
  5937 | D:7      | Found a shimmering altar of Xom.
  5956 | D:7      | Reached XP level 9. HP: 37/63 MP: 10/10
  5962 | D:7      | Noticed Joseph
  5965 | D:7      | HP: 3/63 [Joseph/sling bullet (13)]
  5965 | D:7      | Shot with a sling bullet by Joseph

Illustrated notes

Levels and vault maps discovered:
D:1:      dpeg_arrival_signposts, layout_loops_cross, minmay_stone_trees_small
D:2:      layout_basic
D:3:      layout_basic, dreamdust_ecumenical_altar_statues, uniq_ijyb
D:4:      layout_cave_pools, ebering_ghost_disaster_area, uniq_pikel
D:5:      layout_basic, minmay_small_thing, uniq_blork_the_orc
D:6:      layout_gridville, minmay_temple_entry_poolview, glass_columns_b,
          hellmonk_bongcloud_opening
D:7:      layout_loops_ring, lemuel_round_altar, eino_jars, uniq_joseph

Skill      XL: |  1  2  3  4  5  6  7  8 |
---------------+-------------------------+-----
Dodging        | 1 2 3 4 5 |  5.3
Armour         | 2 3 4 5 |  5.5
Polearms       | 3 4 5 |  5.9
Fighting       | 4 5 6 |  6.5
Invocations    | 2 |  2.7

Action                   |  1- 3 |  4- 6 |  7- 9 || total
-------------------------+-------+-------+-------++-------
Melee: Spear             |   106 |   117 |    26 ||   249
       Punch             |     1 |     1 |       ||     2
       Tailslap          |     1 |    14 |     5 ||    20
       Unarmed           |       |    23 |       ||    23
       Halberd           |       |       |    61 ||    61
Invok: Ancestor Identity |       |     2 |       ||     2
       Recall Ancestor   |       |     1 |       ||     1
       Ancestor Life: Ba |       |     1 |       ||     1
Evoke: Wand              |       |     2 |       ||     2
  Use: Scroll            |     1 |    10 |     3 ||    14
 Stab: Sleeping          |     4 |     7 |     7 ||    18
       Distracted        |       |     3 |     1 ||     4
Armor: Leather armour    |    22 |    13 |       ||    35
       Skin              |       |     3 |       ||     3
       Plate armour      |       |     7 |     1 ||     8
       Troll leather arm |       |       |     2 ||     2
Dodge: Dodged            |    34 |    44 |    48 ||   126

Table legend: (Time is in decaauts)
 A = Elapsed time spent in this place.
 B = Non-inter-level travel time spent in this place.
 C = Inter-level travel time spent in this place.
 D = Time resting spent in this place.
 E = Time spent auto-exploring this place.
 F = Levels seen in this place.
 G = Mean time per level.
                   A        B        C        D        E       F      G
               +--------+--------+--------+--------+--------+-----+--------+
         Total |   5954 |   5623 |    331 |    520 |   4164 |   7 |  850.6 |
       Dungeon |   5954 |   5623 |    331 |    520 |   4164 |   7 |  850.6 |
               +--------+--------+--------+--------+--------+-----+--------+

Top non-repeatable levels by time:
     D:5: 1387 daAuts
     D:1: 1119 daAuts
     D:2: 1039 daAuts
     D:4: 954 daAuts
     D:3: 767 daAuts
     D:6: 386 daAuts
     D:7: 298 daAuts
